 Dungeon Crawl Stone Soup version 0.30-a0-830-gfe289a77b0 (webtiles) character file.

Game seed: 17472633019458999503

5 cforsyth the Sneak (level 1, 0/13 HPs)
             Began as a Kobold Brigand on Feb 28, 2023.
             Slain by a quokka (2 damage)
             ... on level 1 of the Dungeon.
             The game lasted 00:00:09 (121 turns).

cforsyth the Sneak (Kobold Brigand)                  Turns: 121, Time: 00:00:10

Health: 0/13       AC:  3    Str:  8    XL:     1   Next: 88%
Magic:  1/1        EV: 14    Int: 12    God:
Gold:   0          SH:  0    Dex: 16    Spells: 0/0 levels left

rFire   . . .      SeeInvis .    a - +2 dagger
rCold   . . .      Faith    .    (no shield)
rNeg    . . .      Spirit   .    b - +0 robe
rPois   .          Reflect  .    (no helmet)
rElec   .          Harm     .    c - +0 cloak
rCorr   .          Rampage  .    (no gloves)
Will    .....                    (no boots)
Stlth   ++++                     (no amulet)
HPRegen 0.22/turn                (no ring)
MPRegen 0.07/turn                (no ring)

@: no status effects
A: small, no large weapons, nightstalker 3
a: no special abilities


You were on level 1 of the Dungeon.
You visited 1 branch of the dungeon, and saw 1 of its levels.

Inventory:

Hand Weapons
 a - a +2 dagger (weapon)
Missiles
 d - 9 poisoned darts (quivered)
 e - 3 curare-tipped darts
Armour
 b - a +0 robe (worn)
 c - a +0 cloak (worn)
Scrolls
 f - a scroll of blinking {unknown}


   Skills:
 + Level 2.3 Fighting
 + Level 2.9 Short Blades
 - Level 2.1 Throwing
 + Level 1.4 Dodging
 + Level 5.4 Stealth


You couldn't memorise any spells.
You didn't know any spells.
Your spell library was empty.

Dungeon Overview and Level Annotations

Branches:
Dungeon (1/15)

Altars:


Innate Abilities, Weirdness & Mutations

You are small and have problems with some larger weapons.
You are completely attuned to the shadows.


Message History

The goblin shouts!
You hit the ball python but do no damage.
A quokka comes into view.
The ball python completely misses you. The ball python grabs you.
The ball python constricts you.
You hit the ball python.
The ball python is severely wounded.
The ball python barely misses you. The ball python constricts you.
You barely miss the ball python.
The ball python is severely wounded.
The ball python bites you but does no damage.
The ball python constricts you.
You closely miss the ball python.
The ball python is severely wounded.
The ball python bites you but does no damage.
The ball python constricts you. The goblin hits you but does no damage.
You barely miss the ball python.
The ball python is severely wounded.
The quokka closely misses you. The ball python closely misses you.
The ball python constricts you. The goblin hits you with a +0 club.
The goblin barely misses you.
You hit the ball python.
You kill the ball python!
The quokka bites you but does no damage.
The goblin hits you with a +0 club. The goblin hits you but does no damage.
The quokka misses you.
You are too injured to fight recklessly!
You are too injured to fight recklessly!
You are too injured to fight recklessly!
You are too injured to fight recklessly!
You are too injured to fight recklessly!
The goblin attacks as you move away! The goblin closely misses you.
A hobgoblin comes into view.
The goblin hits you with a +0 dagger. The quokka attacks as you move away!
The quokka bites you.
* * * LOW HITPOINT WARNING * * *
Unknown command.
The quokka attacks as you move away! The quokka misses you.
The quokka bites you.
You die...

.⌠.....#.#...######....#
♣♣♣♣♣..#...)...#.......#
♣ #..#...†...#.......# ♣
##......'>####### .
..##...#.# .####...#.#
#......#.# #......#.#
#....###@# ###### #r#
###g####### #...g......
#..)...†... #..........
........g...
##.......).. ..........


You could see a quokka and 2 goblins.

Vanquished Creatures
  A ball python (D:1)
  A hobgoblin (D:1)
  A kobold (D:1)
  2 frilled lizards (D:1)
5 creatures vanquished.

Notes
Turn   | Place    | Note
-------+----------+-------------------------------------------
     0 | D:1      | cforsyth the Kobold Brigand began the quest for the Orb.
     0 | D:1      | Reached XP level 1. HP: 12/12 MP: 1/1
   121 | D:1      | Slain by a quokka

Illustrated notes

Levels and vault maps discovered:
D:1:      scummos_arrival_forest, layout_basic, serial_curves, eino_curves_02,
          eino_curves_03

Action                     || total
---------------------------++-------
  Melee: Dagger            ||    13
   Stab: Sleeping          ||     3
 Armour: Robe              ||     5
  Dodge: Dodged            ||    11

Table legend: (Time is in decaauts)
 A = Elapsed time spent in this place.
 B = Non-inter-level travel time spent in this place.
 C = Inter-level travel time spent in this place.
 D = Time resting spent in this place.
 E = Time spent auto-exploring this place.
 F = Levels seen in this place.
 G = Mean time per level.
                   A        B        C        D        E       F      G
               +--------+--------+--------+--------+--------+-----+--------+
         Total |    119 |    119 |      0 |      0 |     88 |   1 |  119.0 |
       Dungeon |    119 |    119 |      0 |      0 |     88 |   1 |  119.0 |
               +--------+--------+--------+--------+--------+-----+--------+

Top non-repeatable levels by time:
     D:1: 119 daAuts
